 Dungeon Crawl Stone Soup version 0.25-a0-35-g747a2b3c0c (webtiles) character file.

Game seed: 13774551633847044281, levelgen mode: deterministic

277 Kohma the Covert (level 6, -5/42 HPs)
             Began as a Spriggan Enchanter on Oct 18, 2019.
             Slain by a mummy (17 damage)
             ... in an ossuary.
             The game lasted 00:11:00 (4159 turns).

Kohma the Covert (Spriggan Enchanter)               Turns: 4159, Time: 00:11:01

Health: -5/42      AC:  3    Str:  9    XL:     6   Next: 4%
Magic:  3/11       EV: 18    Int: 18    God:
Gold:   146        SH:  0    Dex: 17    Spells: 4/10 levels left

rFire    . . .     SeeInvis +   a - +1 dagger
rCold    + . .     Gourm    .   (shield restricted)
rNeg     . . .     Faith    .   b - +1 robe
rPois    .         Spirit   .   (helmet restricted)
rElec    .         Reflect  .   g - scarf {repulsion}
rCorr    .         Harm     .   (gloves unavailable)
MR       +....                  (boots unavailable)
Stlth    ..........             (no amulet)
HPRegen  0.14/turn              q - ring of protection from cold
MPRegen  0.12/turn              (no ring)

@: berserking (expiring), starving, repel missiles, very quick
A: very small, unfitting armour, see invisible, herbivore, speed 3, slow
metabolism 2
a: no special abilities


You were in an ossuary.
You were starving.

You visited 1 branch of the dungeon, and saw 4 of its levels.
You also visited: Ossuary.

You collected 146 gold pieces.

Inventory:

Hand Weapons
 a - a +1 dagger (weapon)
Missiles
 f - 6 datura-tipped darts
 h - 16 poisoned darts (quivered)
Armour
 b - a +1 robe (worn)
 g - a scarf of repulsion (worn)
Jewellery
 m - an uncursed ring of see invisible {unknown}
 p - an uncursed amulet of harm {unknown}
 q - a ring of protection from cold (left hand)
Scrolls
 c - 2 scrolls of remove curse
 i - a scroll of random uselessness
 k - a scroll of enchant armour
Potions
 e - a potion of invisibility {unknown}
 j - 2 potions of haste
 l - a potion of berserk rage
 n - 2 potions of curing
 o - 2 potions of flight
 r - a potion of magic {unknown}
Comestibles
 d - 11 rations


   Skills:
 + Level 4.7 Short Blades
 - Level 3.0 Dodging
 - Level 8.0 Stealth
 - Level 2.6 Spellcasting
 - Level 3.6 Hexes


You had 4 spell levels left.
You knew the following spells:

 Your Spells              Type           Power        Failure   Level  Hunger
a - Corona                Hex            ###....      3%          1    #......
b - Ensorcelled Hibernat  Hex/Ice        #.....       12%         2    ##.....
c - Confuse               Hex            ###.....     12%         3    ###....

Your spell library contained the following spells:

 Spells                   Type           Power        Failure   Level  Hunger
 Tukima's Dance           Hex            ###.....     12%         3    ###....
 Dazzling Spray           Conj/Hex       #.....       24%         3    ###....


Dungeon Overview and Level Annotations

Branches:
Dungeon (4/15)            Ossuary (1/1)
 Temple: D:4-7

Altars:
Fedhas
Nemelex Xobeh
Qazlal
Trog
Vehumet
Xom


Innate Abilities, Weirdness & Mutations

You are very small and have problems with some larger weapons.
You are too small for most types of armour.
You have supernaturally acute eyesight. (SInv)
You are a herbivore.
You cover ground extremely quickly.
You need to consume almost no food.


Message History

You barely miss the hobgoblin zombie.
The hobgoblin zombie is severely damaged.
The hobgoblin zombie hits you but does no damage.
The gnoll zombie misses you.
You puncture the hobgoblin zombie!
You destroy the hobgoblin zombie!
You hit the gnoll zombie.
The gnoll zombie is almost destroyed.
The gnoll zombie barely misses you.
You barely miss the gnoll zombie.
The gnoll zombie is almost destroyed.
You hit the gnoll zombie.
You destroy the gnoll zombie!
You puncture the orc zombie!
You destroy the orc zombie!
You feel a strong urge to attack something.
You hit the mummy.
The mummy is lightly damaged.
The mummy hits you!
You die...

###### #.#Z#.#Z#
.........# #####
.........# ##...##
.........###.....##
..................#
.............∩.∩..#
..................#
.........###.M@..##
.........# ##...##
.........# #####
M#.#.#Z#.# # #
#####


You could see a mummy.

Vanquished Creatures
  A centaur zombie (Ossuary)
  2 orc wizards
  A worker ant (D:4)
  3 gnolls (D:2)
  3 adders (D:3)
  An ooze (D:2)
  A worm (D:4)
  5 dart slugs
  3 leopard geckos
  6 orcs
  6 bats
  2 giant cockroaches
  2 gnoll zombies (Ossuary)
  10 goblins
  9 hobgoblins
  5 jackals
  2 frilled lizards
  A hobgoblin zombie (Ossuary)
  7 kobolds
  An orc zombie (Ossuary)
  6 rats
77 creatures vanquished.

Vanquished Creatures (collateral kills)
  A leopard gecko (D:3)
  3 orcs (D:3)
  A goblin (D:3)
  3 hobgoblins
  4 jackals
  2 rats (D:3)
14 creatures vanquished.

Vanquished Creatures (others)
  A gnoll (D:2)
1 creature vanquished.

Grand Total: 92 creatures vanquished

Notes
Turn   | Place    | Note
-------+----------+-------------------------------------------
     0 | D:1      | Kohma the Spriggan Enchanter began the quest for the Orb.
     0 | D:1      | Reached XP level 1. HP: 9/9 MP: 5/5
    43 | D:1      | Found a sparkling altar of Nemelex Xobeh.
    77 | D:1      | Reached skill level 5 in Stealth
    77 | D:1      | Reached XP level 2. HP: 13/13 MP: 6/6
    81 | D:1      | Learned a level 2 spell: Ensorcelled Hibernation
   762 | D:1      | Reached XP level 3. HP: 16/16 MP: 8/8
   769 | D:1      | Learned a level 3 spell: Confuse
  1209 | D:2      | Found a bloodstained altar of Trog.
  1262 | D:2      | Found a radiant altar of Vehumet.
  1669 | D:2      | Reached skill level 6 in Stealth
  1678 | D:2      | Reached XP level 4. HP: 11/21 MP: 6/9
  2005 | D:2      | Found a blossoming altar of Fedhas.
  2731 | D:3      | Reached skill level 7 in Stealth
  2731 | D:3      | Reached XP level 5. HP: 16/24 MP: 2/10
  3168 | D:3      | Found a shimmering altar of Xom.
  3430 | D:3      | Found a stormy altar of Qazlal.
  3966 | D:4      | Noticed an ogre
  3984 | D:4      | Found a sand-covered staircase.
  3993 | Ossuary  | Entered an ossuary
  4099 | Ossuary  | Reached skill level 8 in Stealth
  4099 | Ossuary  | Reached XP level 6. HP: 23/28 MP: 8/11
  4159 | Ossuary  | Slain by a mummy

Levels and vault maps discovered:
D:1:      mrwooster_arrival_statue, layout_basic, nemelex_altar_shiori
D:2:      layout_basic, lemuel_doored_altar, lemuel_coloured_pillars_altar,
          nicolae_overflow_crystal_walls
D:3:      layout_loops_ring, old_standard_altar, nicolae_overflow_hidden_temple,
          minmay_statues_item
D:4:      layout_gridville, nicolae_ossuary_entry_monument, first_ration
Ossuary:  minmay_ossuary_gauntlet

Skill      XL: |  1  2  3  4  5 |
---------------+----------------+-----
Stealth        | 5 6 7 8 |  8.0
Short Blades   | 2 3 4 |  4.7
Dodging        | |  3.0
Spellcasting   | |  2.6
Hexes          | |  3.6

Action                   |  1- 3 |  4- 6 || total
-------------------------+-------+-------++-------
Melee: Dagger            |   108 |   123 ||   231
Throw: Dart              |     3 |    18 ||    21
 Cast: Corona            |     1 |       ||     1
       Ensorcelled Hiber |    11 |    36 ||    47
       Confuse           |       |     4 ||     4
  Use: Scroll            |       |     9 ||     9
       Potion            |       |     1 ||     1
 Stab: Sleeping          |    21 |    24 ||    45
       Distracted        |     1 |     1 ||     2
       Confused          |       |     2 ||     2
  Eat: Ration            |       |     1 ||     1
Armor: Robe              |     9 |    12 ||    21
Dodge: Dodged            |    80 |   101 ||   181
       Deflected         |       |     1 ||     1

Table legend:
 A = Non-vault XP
 B = Vault XP
 C = Vault XP percentage of total XP
 D = Non-vault monster count
 E = Vault monster count
 F = Vault count percentage of total count
                 A         B        C        D         E       F
            +---------+---------+-------+---------+---------+-------
      Total |     349 |      48 |  12.1 |      84 |       5 |   5.6
            +---------+---------+-------+---------+---------+-------
        D:1 |      45 |       0 |   0.0 |      24 |       0 |   0.0
        D:2 |      84 |       0 |   0.0 |      22 |       0 |   0.0
        D:3 |     129 |       0 |   0.0 |      33 |       0 |   0.0
        D:4 |      91 |       0 |   0.0 |       5 |       0 |   0.0
    Ossuary |       0 |      48 | 100.0 |       0 |       5 | 100.0
            +---------+---------+-------+---------+---------+-------
